 Dungeon Crawl Stone Soup version 0.24-a0-434-gd57e52fea8 (webtiles) character file.

Game seed: 6931002165229728082

16650 Azzok the Markscentaur (level 12, -3/165 HPs)
             Began as a Centaur Berserker on June 15, 2019.
             Was a High Priest of Trog.
             Slain by an eight-headed hydra (5 damage)
             ... on level 1 of the Lair of Beasts.
             The game lasted 00:22:56 (15277 turns).

Azzok the Markscentaur (Centaur Berserker)         Turns: 15277, Time: 00:22:56

Health: -3/165     AC: 18    Str: 30    XL:     12   Next: 11%
Magic:  12/12      EV:  6    Int:  6    God:    Trog [*****.]
Gold:   730        SH:  0    Dex:  9    Spells: 11/11 levels left

rFire    + + +     SeeInvis .   d - +7 great mace "Firestarter" {inner flame, rF++}
rCold    . . .     Gourm    .   (shield currently unavailable)
rNeg     . . .     Faith    .   o - +4 scale mail
rPois    .         Spirit   .   N - +2 helmet
rElec    .         Reflect  .   g - +0 cloak
rCorr    .         Harm     .   (no gloves)
MR       .....                  D - +0 centaur barding
Stlth    ..........             (no amulet)
HPRegen  0.37/turn              b - ring of fire
MPRegen  0.13/turn              z - ring of protection from cold

@: berserking (expiring), very quick
A: large, hooves 3, deformed body, speed 2, tough skin 3
a: Berserk, Trog's Hand, Brothers in Arms, Renounce Religion


You were on level 1 of the Lair of Beasts.
You worshipped Trog.
Trog was extremely pleased with you.
You were hungry.

You visited 2 branches of the dungeon, and saw 12 of its levels.
You also visited: Gauntlet.

You collected 730 gold pieces.

Inventory:

Hand Weapons
 d - the +7 great mace "Firestarter" (weapon) {inner flame, rF++}
   (You found it on level 10 of the Dungeon)

   It has been specially enchanted to burn those struck by it, causing extra
   injury to most foes and up to half again as much damage against particularly
   susceptible opponents.
   It greatly protects you from fire.
 v - a +4 dagger of draining
 w - a +1 dagger of venom
 C - a +0 shortbow
 E - a +1 scimitar of flaming
Missiles
 q - 295 arrows
Armour
 g - a +0 cloak (worn)
 o - a +4 scale mail (worn)
 y - a +2 shield of poison resistance
 D - a +0 centaur barding (worn)
 N - a +2 helmet (worn)
Jewellery
 a - an uncursed ring of fire
 b - a ring of fire (left hand)
 i - the ring "Hiawk" {+Fly MR- Str+4 Dex+3 Stlth+, unknown}
   (You found it in a Gauntlet)

   [ring of flight]

   It affects your strength (+4).
   It affects your dexterity (+3).
   It affects your resistance to hostile enchantments.
   It lets you fly.
   It makes you more stealthy.
 p - an uncursed ring of protection from magic
 z - a ring of protection from cold (right hand)
 K - an uncursed ring of wizardry {unknown}
 M - an uncursed ring of protection from magic
Wands
 k - a wand of paralysis (9)
 s - a wand of flame (8)
 t - a wand of iceblast (19)
 G - a wand of random effects (7)
Scrolls
 e - 5 scrolls of teleportation
 h - a scroll of enchant armour {unknown}
 l - 4 scrolls of fog
 m - 2 scrolls of immolation
 n - 6 scrolls of remove curse
 x - a scroll of blinking
 A - 3 scrolls of enchant weapon
 H - a scroll of torment
 P - a scroll of vulnerability {unknown}
 R - a scroll of identify
Potions
 f - 5 potions of lignification
 j - 2 potions of curing
 r - a potion of invisibility
 u - 2 potions of cancellation
 B - 2 potions of mutation {!q}
 F - a potion of flight
 I - a potion of heal wounds
 J - a potion of experience {unknown}
 O - a potion of ambrosia {unknown}
Miscellaneous
 L - a lamp of fire
 Q - a box of beasts
Comestibles
 c - 18 rations


   Skills:
 - Level 11.4 Fighting
   Level 2.6 Polearms
 + Level 19.5 Bows
 - Level 1.3 Armour
 - Level 1.3 Dodging


You had 11 spell levels left.
You didn't know any spells.
Your spell library was empty.

Dungeon Overview and Level Annotations

Branches:
Dungeon (11/15)            Temple (0/1) D:5            Lair (1/6) D:11
    Orc (0/2) D:11

Altars:
Elyvilon
Gozag
Wu Jian
Yredelemnul

Shops:
D:6 *

Annotations:
D:7 3 runed translucent doors, Nr616's ghost, novice GnSk


Innate Abilities, Weirdness & Mutations

You have hooves in place of feet.
Armour fits poorly on your strangely shaped body.
You cover ground very quickly.
You have extremely tough skin. (AC +3)


Message History

The fiery explosion engulfs you. You resist.
* * * LOW HITPOINT WARNING * * *
The fiery explosion engulfs the wolf!!
You kill the wolf!
Trog accepts your kill.
The fiery explosion engulfs the eight-headed hydra!!!
The eight-headed hydra is heavily wounded.
The fiery explosion engulfs the porcupine!!
You kill the porcupine!
Trog accepts your kill. x2
The wolf bites you.
* * * LOW HITPOINT WARNING * * *
The wolf bites you but does no damage.
The black bear goes berserk!
The wolf bites you but does no damage.
The eight-headed hydra is engulfed in blazing flames.
The eight-headed hydra bites you but does no damage. x2
The eight-headed hydra bites you!
* * * LOW HITPOINT WARNING * * *
The eight-headed hydra bites you.
You die...

··········· ▒▒▒▒
··········(▒ ▒·▒·▒▒
···········▒▒······
······$···········
··················
··············▒
···▒···Sh·§··▒▒
·······h§§§···▒▒·
······hh@D§······"▒
······▒▒▒▒▒▒··▒▒▒▒▒
····· ▒▒▒ ···· ···
?· ·


You could see an eight-headed hydra, a black mamba, a black bear (berserk) and 3
wolves.

Vanquished Creatures
  A minotaur (Gauntlet)
  A fire dragon (D:10)
  A hydra (D:10)
  Erica (D:7)
  A two-headed ogre (D:11)
  A tengu warrior (Gauntlet)
  2 sixfirhies (Gauntlet)
  The ghost of Ratty the Thaumaturge, a novice DENe of Sif Muna (D:10)
  An orc knight (D:10)
  A cyclops (D:10)
  An ugly thing (D:11)
  A centaur zombie (D:10)
  A large abomination (Gauntlet)
  2 tengu conjurers (Gauntlet)
  2 hornets (D:9)
  A hippogriff (D:11)
  A wyvern (D:8)
  A basilisk (D:10)
  5 fire bats (D:10)
  A steam dragon (D:7)
  3 yaks (D:10)
  A warg (D:11)
  A soldier ant (D:9)
  A porcupine (Lair:1)
  A water moccasin (D:5)
  6 orc warriors
  4 ice beasts
  6 sky beasts
  3 phantoms
  A black bear (D:8)
  5 ogres
  2 wolves (Lair:1)
  6 centaurs
  A crocodile (Lair:1)
  4 big kobolds
  5 bullfrogs
  A scorpion (D:11)
  10 killer bees
  5 small abominations (Gauntlet)
  3 crimson imps
  4 bullfrog skeletons
  A hound (D:7)
  7 orc priests
  3 jellies
  2 iguanas
  16 orc wizards
  11 worker ants
  A killer bee zombie (D:9)
  A howler monkey zombie (D:10)
  2 worker ant zombies
  4 gnolls (D:9)
  7 adders
  3 shadow imps
  An ooze (D:4)
  An adder zombie (D:5)
  3 worms
  A dart slug (D:1)
  10 leopard geckos
  45 orcs
  3 giant cockroaches
  6 goblins
  6 hobgoblins
  7 jackals
  4 quokkas
  2 ball pythons
  12 bats
  2 frilled lizards
  24 kobolds
  A quokka zombie (D:8)
  13 rats
  A plant (Gauntlet)
300 creatures vanquished.

Vanquished Creatures (others)
  A plant (D:5)
1 creature vanquished.

Grand Total: 301 creatures vanquished

Notes
Turn   | Place    | Note
-------+----------+-------------------------------------------
     0 | D:1      | Azzok the Centaur Berserker began the quest for the Orb.
     0 | D:1      | Reached XP level 1. HP: 19/19 MP: 1/1
   229 | D:1      | Reached XP level 2. HP: 26/26 MP: 2/2
   622 | D:1      | Reached ** piety under Trog
  1068 | D:1      | Reached XP level 3. HP: 32/33 MP: 3/3
  1209 | D:2      | Found a white marble altar of Elyvilon.
  2382 | D:3      | You fall into a shaft and drop 2 floors!
  2382 | D:5      | Entered Level 5 of the Dungeon
  2382 | D:5      | Noticed an ogre
  2401 | D:5      | Noticed a phantom
  2584 | D:4      | Reached skill level 5 in Fighting
  2584 | D:4      | Reached XP level 4. HP: 30/42 MP: 4/4
  2704 | D:4      | Noticed an orc warrior
  2725 | D:4      | Killed an orc warrior
  2725 | D:4      | Reached XP level 5. HP: 49/50 MP: 5/5
  2935 | D:4      | Reached *** piety under Trog
  2935 | D:4      | Reached XP level 6. HP: 50/58 MP: 6/6
  4163 | D:5      | Noticed a water moccasin
  4190 | D:5      | Killed a water moccasin
  4194 | D:5      | Reached XP level 7. HP: 68/68 MP: 7/7
  4556 | D:5      | Found a staircase to the Ecumenical Temple.
  4717 | D:5      | Found a basalt altar of Yredelemnul.
  4718 | D:5      | Found an ornate altar of the Wu Jian Council.
  4974 | D:5      | Reached **** piety under Trog
  5456 | D:6      | Reached XP level 8. HP: 67/79 MP: 8/8
  5676 | D:6      | Reached skill level 10 in Fighting
  6092 | D:6      | Found Kauduac's Assorted Antiques.
  6480 | D:7      | Reached skill level 2 in Bows
  6507 | D:7      | Reached skill level 3 in Bows
  6613 | D:7      | Reached skill level 4 in Bows
  6617 | D:7      | Reached XP level 9. HP: 89/89 MP: 9/9
  6653 | D:7      | Noticed Nr616's ghost (novice GnSk)
  6660 | D:7      | Reached skill level 5 in Bows
  6699 | D:7      | Found a runed translucent gate.
  6700 | D:7      | Found a runed translucent gate.
  6701 | D:7      | Found a runed translucent gate.
  6782 | D:7      | Reached skill level 6 in Bows
  7054 | D:7      | Reached skill level 7 in Bows
  7215 | D:7      | Reached ***** piety under Trog
  7215 | D:7      | Reached skill level 8 in Bows
  7219 | D:8      | Noticed Erica
  7329 | D:7      | Received a gift from Trog
  7329 | D:7      | Reached skill level 9 in Bows
  7498 | D:7      | Killed Erica
  7498 | D:7      | Reached skill level 11 in Bows
  7843 | D:8      | Received a gift from Trog
  7999 | D:8      | Reached XP level 10. HP: 93/96 MP: 10/10
  8324 | D:8      | Reached skill level 12 in Bows
  8593 | D:9      | Found an opulent altar of Gozag.
  8623 | D:9      | Received a gift from Trog
  9563 | D:9      | Reached skill level 13 in Bows
 10547 | D:9      | Paralysed by a hornet for 3 turns
 10556 | D:9      | Reached skill level 14 in Bows
 10764 | D:10     | Entered Level 10 of the Dungeon
 10764 | D:10     | Found the +7 great mace "Firestarter" {inner flame, rF++}
 10764 | D:10     | Noticed a fire dragon
 10793 | D:10     | Killed a fire dragon
 10793 | D:10     | Reached skill level 15 in Bows
 11183 | D:10     | Received a gift from Trog
 11190 | D:10     | Reached XP level 11. HP: 71/102 MP: 11/11
 11455 | D:10     | Found a large runed translucent door.
 11456 | D:10     | Found a large runed translucent door.
 11462 | D:10     | Noticed Ratty's ghost (novice DENe)
 12015 | D:10     | Reached skill level 16 in Bows
 12025 | D:10     | Noticed an orc knight
 12346 | D:10     | Killed an orc knight
 12618 | D:10     | Noticed a seven-headed hydra
 12621 | D:10     | Killed a seven-headed hydra
 13021 | D:10     | Killed Ratty's ghost
 13021 | D:10     | Reached skill level 17 in Bows
 13500 | D:11     | Received a gift from Trog
 13609 | D:11     | Noticed a brown ugly thing
 13616 | D:11     | Noticed a two-headed ogre
 13620 | D:11     | Killed a two-headed ogre
 13625 | D:11     | HP: 1/102 [acid (10)]
 13627 | D:11     | Found a gate leading to a gauntlet.
 13628 | D:11     | Found a staircase to the Lair.
 13636 | Gauntlet | Entered a Gauntlet
 13636 | Gauntlet | Found a transporter.
 13636 | Gauntlet | Found a transporter.
 13636 | Gauntlet | Found a runed translucent gate.
 13636 | Gauntlet | Found a runed translucent gate.
 13636 | Gauntlet | Found a runed translucent gate.
 13636 | Gauntlet | Noticed an oklob plant
 14046 | Gauntlet | Found a transporter.
 14050 | Gauntlet | Found a transporter.
 14058 | Gauntlet | Found a transporter.
 14059 | Gauntlet | Noticed a necromancer
 14063 | Gauntlet | Found a transporter.
 14064 | Gauntlet | Noticed a wretched star
 14071 | Gauntlet | Found a transporter.
 14083 | Gauntlet | Noticed a sixfirhy
 14084 | Gauntlet | Found a runed translucent door.
 14086 | Gauntlet | Found a transporter.
 14088 | Gauntlet | Found a runed translucent door.
 14089 | Gauntlet | Noticed a sixfirhy
 14100 | Gauntlet | Found a transporter.
 14104 | Gauntlet | Found a transporter.
 14104 | Gauntlet | Noticed a tengu warrior
 14112 | Gauntlet | Found a transporter.
 14116 | Gauntlet | Found a transporter.
 14181 | Gauntlet | Reached skill level 18 in Bows
 14276 | Gauntlet | Got a pitted granite ring
 14368 | Gauntlet | Killed a tengu warrior
 14553 | Gauntlet | Killed a sixfirhy
 14553 | Gauntlet | Killed a sixfirhy
 14553 | Gauntlet | Reached skill level 19 in Bows
 14651 | Gauntlet | Identified the +5 hand crossbow of the Extremely Mad
                  | {penet, rElec rPois Int-2 Dex-4}
 14651 | Gauntlet | Noticed a minotaur
 14659 | Gauntlet | Killed a minotaur
 14659 | Gauntlet | Reached XP level 12. HP: 66/110 MP: 12/12
 14975 | D:11     | Found a staircase to the Orcish Mines.
 15256 | Lair:1   | Entered Level 1 of the Lair of Beasts
 15263 | Lair:1   | Noticed an eight-headed hydra
 15277 | Lair:1   | HP: 2/165 [eight-headed hydra (9)]
 15277 | Lair:1   | Slain by an eight-headed hydra

Levels and vault maps discovered:
D:1:      dpeg_arrival_leaves_temple_mockup, layout_loops_ring
D:2:      layout_basic, first_ration, elyvilon_altar_5
D:3:      layout_basic
D:4:      layout_rooms
D:5:      layout_loops_ring, gammafunk_temple_overflow_statue,
          minmay_temple_entry_waves, nrook_pool_corridor,
          lexackson_kobold_supper
D:6:      layout_basic, serial_shops, nicolae_shop_statue_plus,
          nrook_loot_triangle
D:7:      layout_rooms, ebering_ghost_rock_garden, minmay_crossroads
D:8:      layout_rooms, uniq_erica
D:9:      layout_basic, hangedman_pestilent_swarm, nicolae_gozag_seed_capital
D:10:     minmay_firetagon, layout_layer_cave, ebering_ghost_disaster_area,
          kb_rosetta
D:11:     layout_cave_pools, lair_entry_dummy, david_orc_3,
          gauntlet_entry_generic
Lair:1:   layout_hall_layers, minmay_shattered_shrine, uniq_joseph

Skill      XL: |  1  2  3  4  5  6  7  8  9 10 11 |
---------------+----------------------------------+-----
Fighting       | 4 5 6 8 9 11 | 11.4
Bows           | 4 11 15 19 | 19.5
Polearms       | |  2.6
Armour         | |  1.3
Dodging        | |  1.3

Action                   |  1- 3 |  4- 6 |  7- 9 | 10-12 || total
-------------------------+-------+-------+-------+-------++-------
Melee: Spear             |   179 |   124 |    24 |       ||   327
       Kick              |    28 |    31 |    88 |   107 ||   254
       Dagger            |       |       |   307 |   284 ||   591
       Great mace        |       |       |       |   147 ||   147
Invok: Berserk           |       |     3 |     4 |    14 ||    21
       Trog's Hand       |       |       |       |     3 ||     3
  Use: Scroll            |       |       |       |    21 ||    21
       Potion            |       |       |       |     1 ||     1
  Eat: Chunk             |     4 |     6 |    15 |    15 ||    40
       Ration            |       |       |       |     6 ||     6
Armor: Animal skin       |    24 |       |       |       ||    24
       Scale mail        |    22 |    54 |   212 |   452 ||   740
       Ring mail         |     4 |       |       |       ||     4
Dodge: Dodged            |    73 |    31 |   112 |   167 ||   383

Table legend:
 A = Non-vault XP
 B = Vault XP
 C = Vault XP percentage of total XP
 D = Non-vault monster count
 E = Vault monster count
 F = Vault count percentage of total count
                 A         B        C        D         E       F
            +---------+---------+-------+---------+---------+-------
      Total |   11379 |   12408 |  52.2 |     256 |      43 |  14.4
            +---------+---------+-------+---------+---------+-------
        D:1 |      41 |       0 |   0.0 |      29 |       0 |   0.0
        D:2 |      44 |       0 |   0.0 |      21 |       0 |   0.0
        D:3 |      11 |       0 |   0.0 |       7 |       0 |   0.0
        D:4 |     373 |       0 |   0.0 |      18 |       0 |   0.0
        D:5 |     747 |     117 |  13.5 |      29 |       8 |  21.6
        D:6 |     625 |       0 |   0.0 |      10 |       0 |   0.0
        D:7 |    2251 |     981 |  30.4 |      44 |       2 |   4.3
        D:8 |    1137 |       0 |   0.0 |      21 |       0 |   0.0
        D:9 |    1407 |     723 |  33.9 |      36 |       4 |  10.0
       D:10 |    1673 |    5137 |  75.4 |      16 |      11 |  40.7
       D:11 |    2498 |     217 |   8.0 |      20 |       6 |  23.1
     Lair:1 |     572 |       0 |   0.0 |       5 |       0 |   0.0
   Gauntlet |       0 |    5233 | 100.0 |       0 |      12 | 100.0
            +---------+---------+-------+---------+---------+-------
